 Dungeon Crawl Stone Soup version 0.19.1-1-g22dce08 (webtiles) character file.

781 M4edhros the Covert (level 7, -1/38 HPs)
             Began as an Octopode Artificer on Jan 4, 2017.
             Killed from afar by an orc wizard (7 damage)
             ... with a puff of flame
             ... on level 5 of the Dungeon.
             The game lasted 00:05:14 (14996 turns).

M4edhros the Covert (Octopode Artificer)           Turns: 14996, Time: 00:05:14

Health: -1/38      AC:  1    Str: 14    XL:     7   Next: 85%
Magic:  12/12      EV: 13    Int:  9    God:    Xom [......]
Gold:   69         SH:  0    Dex: 14    Spells: 0 memorised, 6 levels left

rFire  . . .     SeeInvis .     a - +0 short sword
rCold  + . .     Gourm    .     (no shield)
rNeg   . . .     Faith    .     (helmet restricted)
rPois  +         Spirit   .     (no amulet)
rElec  .         Reflect  .     o - ring of poison resistance
rCorr  .         Harm     .     (no ring)
MR     .....                    (no ring)
Stlth  +++++.....               (no ring)
                                (no ring)
                                (no ring)
                                (no ring)
                                (no ring)

@: no status effects
A: almost no armour, stealthy swim, amphibious, 8 rings, constrict 8, camouflage
1, cold resistance 1, dopey 2, frail 1, strong 1, gelatinous body 1
a: Renounce Religion


You were on level 5 of the Dungeon.
You worshipped Xom.
You were a very special plaything of Xom.
You were not hungry.

You visited 2 branches of the dungeon, and saw 6 of its levels.
You also visited: Sewer.

You collected 69 gold pieces.

Inventory:

Hand Weapons
 a - a +0 short sword (weapon)
Jewellery
 o - a ring of poison resistance (left tentacle)
Wands
 b - a wand of flame (12/48)
 c - a wand of enslavement (15/24)
 d - a wand of random effects (15/48)
 p - a wand of lightning (8/15)
 v - a wand of lightning (10/15)
Scrolls
 e - a scroll of magic mapping
 g - 2 scrolls of immolation
 i - a scroll of identify
 j - a scroll of fear {unknown}
 m - 3 scrolls of blinking {unknown}
 n - a scroll of remove curse
 u - a scroll of fog {unknown}
Potions
 l - 3 potions of flight
 r - a potion of magic
 t - a potion of brilliance {unknown}
Books
 x - a book of Changes

   Spells                             Type                      Level
   a - Beastly Appendage              Transmutation                1
   b - Sticks to Snakes               Transmutation                2
   c - Spider Form                    Transmutation/Poison         3
   d - Ice Form                       Ice/Transmutation            4
   e - Blade Hands                    Transmutation                5
Comestibles
 f - 2 bread rations


   Skills:
 - Level 1.0 Fighting
 - Level 1.0 Short Blades
 - Level 2.0 Dodging
 + Level 8.6 Stealth
 + Level 7.3 Evocations


You had 6 spell levels left.
You didn't know any spells.

Dungeon Overview and Level Annotations

Branches:
Dungeon (5/15)             Temple (1/1) D:5

Altars:
Ashenzari
Cheibriados
Dithmenos
Elyvilon
Fedhas
Hepliaklqana
Makhleb
Nemelex Xobeh
Ru
Sif Muna
Trog
Vehumet
Xom


Innate Abilities, Weirdness & Mutations

You cannot wear most types of armour.
You are very stealthy in the water. (Stealth+)
You are amphibious.
You can wear up to eight rings at the same time.
You can use your tentacles to constrict eight enemies at once.
Your skin changes colour to match your surroundings (Stealth+).
Your rubbery body absorbs attacks. (AC +1, EV +1)
Your flesh is cold resistant. (rC+)
You are very dopey. (Int -4)
You are frail. (-10% HP)
Your muscles are strong. (Str +2)


Message History

There is a staircase back to the Dungeon here.
You start waiting.
Done waiting.
You start waiting.
Done waiting.
You start waiting. "Let's see if it's strong enough to survive yet."
There are monsters nearby!
There are monsters nearby!
The sixfirhy hits you. The sixfirhy shocks you!
The sixfirhy completely misses you. The sixfirhy hits you.
The sixfirhy shocks you!
* * * LOW HITPOINT WARNING * * *
The crimson imp barely misses you.
You climb upwards.
Welcome back to the Dungeon!
The orc wizard shouts!
The orc shouts! x2; The orc wizard shouts!
The orc wizard points at you and mumbles some strange words.
The puff of flame hits you!
You die...
Xom cackles wildly!

,* *,,**,,,,,,,**8,,,8* ,*
*,,**,,,,,,,**,,,..## ,*
*,.*#..,,,,,*8,.$..8# ,*
#..##.#*******.....#* ,*
#...#.# *8...8# **
#.#.#.#######*##>##*
####.#.#.......#######
...#.#.#............#*
...#.#.#........@o..#
...#................#
...##.#.............#
..............o.....#
#.#.##.#......o.....#
#.#.#....#######'####
#.#.#....#*****#o#***********
..#.#.#..#*,,,,#....oo..,,,,*
..#.#.#...*,,,,#########***,*


You could see 2 orc wizards and 2 orcs.

Vanquished Creatures
  Pikel (D:4)
  A big kobold (Sewer)
  An orc wizard (D:5)
  Ijyb (D:2)
  A worker ant (D:4)
  4 river rats
  6 adders
  3 oozes
  An adder skeleton (D:4)
  6 worms
  A dart slug (D:3)
  A leopard gecko (D:3)
  4 orcs (D:4)
  5 ball pythons
  A giant cockroach (D:1)
  A goblin (D:3)
  2 hobgoblins (D:1)
  7 kobolds
  A quokka (D:4)
  5 bats
  3 frilled lizards
  5 rats
61 creatures vanquished.

Vanquished Creatures (others)
  2 slaves (D:4)
  An iguana (D:4)
  An adder (D:4)
  A rat (D:4)
5 creatures vanquished.

Grand Total: 66 creatures vanquished

Notes
Turn   | Place    | Note
-------+----------+-------------------------------------------
     0 | D:1      | M4edhros the Octopode Artificer began the quest for the Orb.
     0 | D:1      | Reached XP level 1. HP: 13/13 MP: 3/3
   161 | D:1      | Reached skill level 2 in Stealth
   346 | D:2      | Reached XP level 2. HP: 12/18 MP: 4/4
   446 | D:2      | Noticed Ijyb
   454 | D:2      | Killed Ijyb
   454 | D:2      | Reached skill level 3 in Stealth
   454 | D:2      | Reached XP level 3. HP: 20/23 MP: 4/6
   694 | D:4      | Reached skill level 4 in Stealth
   694 | D:4      | Reached XP level 4. HP: 26/28 MP: 7/7
   803 | D:4      | Noticed a slave
   823 | D:4      | Noticed a slave
   876 | D:4      | Noticed a slave
   879 | D:4      | Found a glowing drain.
   882 | D:4      | Noticed Pikel
   884 | D:4      | Noticed a slave
   888 | Sewer    | Entered a sewer
   912 | Sewer    | Reached XP level 5. HP: 28/33 MP: 8/8
   944 | Sewer    | Noticed a big kobold
  1041 | Sewer    | Reached skill level 5 in Stealth
  1060 | Sewer    | Reached skill level 5 in Evocations
  1247 | Sewer    | Killed a big kobold
  1247 | Sewer    | Reached XP level 6. HP: 26/38 MP: 8/10
  1277 | Sewer    | Reached skill level 6 in Stealth
  1539 | D:4      | Killed Pikel
  1539 | D:4      | Reached skill level 8 in Stealth
  1539 | D:4      | Reached XP level 7. HP: 25/43 MP: 10/12
  1629 | D:4      | Found a shattered altar of Ashenzari.
  1934 | D:5      | Entered Level 5 of the Dungeon
  1964 | D:5      | Found a staircase to the Ecumenical Temple.
  1997 | Temple   | Entered the Ecumenical Temple
  2019 | Temple   | Became a worshipper of Xom of Swiftly Tilting Intent
  2023 | Temple   | XOM: silly message
  2388 | Temple   | XOM: god gift: 14 royal jellies
  2528 | Temple   | XOM: cloud trail
  3090 | Temple   | XOM: god gift: 44 gold pieces
  4204 | Temple   | XOM is BORED!
  4204 | Temple   | XOM: mild Hex miscast
  4802 | Temple   | XOM: harmless Hex miscast
  5036 | Temple   | XOM: 3-stop teleportation journey
  5041 | Temple   | XOM: divination: magic mapping
  6914 | Temple   | XOM: 4-stop teleportation journey
  7376 | Temple   | XOM is BORED!
  7376 | Temple   | XOM: medium Pois miscast
  7847 | Temple   | XOM: give mutations
  7847 | Temple   | Gained mutation: You are frail. (-10% HP) [Xom's mischief]
  7847 | Temple   | Gained mutation: You are dopey. (Int -2) [Xom's mischief]
  7847 | Temple   | Gained mutation: You are very dopey. (Int -4) [Xom's mischief]
  8589 | Temple   | XOM: harmless Air miscast
  9557 | Temple   | XOM: 1-stop teleportation journey
  9581 | Temple   | XOM: 2-stop teleportation journey
 10576 | Temple   | XOM: cast spell 'Spider Form'
 10985 | Temple   | XOM: harmless Divn miscast
 11236 | Temple   | XOM: mild Air miscast
 11270 | Temple   | XOM: 5-stop teleportation journey
 11755 | Temple   | XOM: give mutations
 11755 | Temple   | Gained mutation: Your muscles are strong. (Str +2) [Xom's grace]
 11755 | Temple   | Gained mutation: Your flesh is cold resistant. (rC+) [Xom's grace]
 12314 | Temple   | XOM: harmless Hex miscast
 12366 | Temple   | XOM: severe Fire miscast
 12619 | Temple   | XOM: harmless Conj miscast
 13422 | Temple   | XOM: harmless Pois miscast
 14581 | Temple   | XOM: medium Tloc miscast
 14994 | Temple   | XOM: summons 3 hostile demons
 14995 | Temple   | Noticed a sixfirhy
 14996 | D:5      | Killed from afar by an orc wizard

Skill      XL: |  1  2  3  4  5  6 |
---------------+-------------------+-----
Stealth        | 2 3 4 5 8 |  8.6
Evocations     | 4 5 7 |  7.3
Fighting       | |  1.0
Short Blades   | |  1.0
Dodging        | |  2.0

Action                   |  1- 3 |  4- 6 |  7- 9 || total
-------------------------+-------+-------+-------++-------
Melee: Short sword       |    37 |    78 |    20 ||   135
       Constrict         |     8 |    20 |     5 ||    33
       Tentacles         |     7 |    30 |     2 ||    39
Evoke: Wand              |       |     1 |     3 ||     4
  Use: Scroll            |       |     5 |     1 ||     6
       Potion            |       |     3 |     2 ||     5
 Stab: Sleeping          |     7 |     5 |     3 ||    15
       Invisible         |       |     3 |       ||     3
  Eat: Chunk             |       |     1 |     3 ||     4
       Royal jelly       |       |       |    14 ||    14
       Bread ration      |       |       |     2 ||     2
       Fruit             |       |       |     2 ||     2
       Pizza             |       |       |     1 ||     1
Armor: Skin              |     7 |     2 |       ||     9
Dodge: Dodged            |    30 |    45 |     8 ||    83
